 Dungeon Crawl Stone Soup version 0.27-a0-1317-gd1140b374c (webtiles) character file.

Game seed: 1600864305879365605

66 Ijustatesigmund the Chopper (level 4, -1/41 HPs)
             Began as a Hill Orc Fighter on June 21, 2021.
             Succumbed to an orc wizard's poison
             ... on level 3 of the Dungeon.
             The game lasted 00:02:01 (2097 turns).

Ijustatesigmund the Chopper (Hill Orc Fighter)      Turns: 2097, Time: 00:02:02

Health: -1/41      AC:  8    Str: 18    XL:     4   Next: 15%
Magic:  4/4        EV:  7    Int:  9    God:
Gold:   50         SH:  9    Dex: 10    Spells: 2/3 levels left

rFire    . . .     SeeInvis .   a - +0 war axe
rCold    . . .     Faith    .   c - +0 kite shield
rNeg     . . .     Spirit   .   b - +0 scale mail
rPois    .         Reflect  .   (no helmet)
rElec    .         Harm     .   g - +0 cloak
rCorr    .         Rampage  .   (no gloves)
Will     .....                  (no boots)
Stlth    ..........             (no amulet)
HPRegen  0.13/turn              (no ring)
MPRegen  0.09/turn              (no ring)

@: lethally poisoned (-1 -> -30)
A: no striking features
a: no special abilities


You were on level 3 of the Dungeon.
You visited 1 branch of the dungeon, and saw 3 of its levels.

You collected 50 gold pieces.

Inventory:

Hand Weapons
 a - a +0 war axe (weapon)
Armour
 b - a +0 scale mail (worn)
 c - a +0 kite shield (worn)
 g - a +0 cloak (worn)
Scrolls
 e - 2 scrolls of teleportation
Potions
 d - 2 potions of might
 f - 2 potions of haste
 h - a potion of invisibility {unknown}
 l - a potion of degeneration {unknown}


   Skills:
 + Level 4.4 Fighting
 * Level 5.0 Axes
 - Level 3.2 Armour
 - Level 3.2 Shields


You had 2 spell levels left.
You knew the following spells:

 Your Spells              Type           Power      Damage    Failure   Level
a - Magic Dart            Conj           0%         1d3       99%         1

Your spell library contained the following spells:

 Spells                   Type           Power      Damage    Failure   Level
 Blink                    Tloc           N/A        N/A       100%        2
 Call Imp                 Summ           0%         N/A       100%        2
 Slow                     Hex            0%         N/A       100%        2
 Conjure Flame            Conj/Fire      0%         6-21      100%        3
 Mephitic Cloud           Conj/Pois/Air  0%         N/A       100%        3


Dungeon Overview and Level Annotations

Branches:
Dungeon (3/15)

Altars:

Shops:
D:2 :


Message History

No target in view!
No target in view!
No target in view!
You block something's attack.
Things that are here:
a +0 whip; an orc corpse You miss something.
You hear some strange, mumbled words.
You are confused.
Something hits you but does no damage.
You see here a +0 trident.
You closely miss something. Something hits you but does no damage.
You are poisoned.
You bump into the rock wall.
You feel very sick. Something hits you but does no damage.
You are more poisoned.
You feel very sick.
You closely miss something.
You feel very sick. Something hits you but does no damage.
You are more poisoned.
You're too confused to move!
You feel less confused.
You feel very sick. Something hits you but does no damage.
You are lethally poisoned!
You miss something.
You feel extremely sick. Something hits you but does no damage.
You are more poisoned.
You hear some strange, mumbled words.
Something tries to affect you, but you resist.
You miss something.
* * * LOW HITPOINT WARNING * * *
You feel extremely sick. Something hits you but does no damage.
You are more poisoned.
You closely miss something.
You die...

#.# #### #.### #.# #.#.#..
....##...
#.#.#.####.#.##.###
#........#.#......#
#.#....#.#.#..#.#.#
#........)........### ##
....................... .
#.##.#.#.###..#.####.#...#
..............?.@{).......
#.##.##.......#.####.##...
#....##..###.##.# #
#.#####.......... ..#
)..###.##.## ..+ ....#
#.##.. ..# ..... .. ...
..# ...... ###


There were no monsters in sight!

Vanquished Creatures
  2 adders (D:2)
  2 worms (D:2)
  A dart slug (D:1)
  2 orcs (D:3)
  4 bats
  4 endoplasms
  2 giant cockroaches
  2 goblins
  4 hobgoblins
  6 kobolds
  2 quokkas (D:2)
  A ball python (D:1)
  A frilled lizard (D:2)
  5 rats
38 creatures vanquished.

Notes
Turn   | Place    | Note
-------+----------+-------------------------------------------
     0 | D:1      | Ijustatesigmund the Hill Orc Fighter began the quest for
                  | the Orb.
     0 | D:1      | Reached XP level 1. HP: 19/19 MP: 1/1
   177 | D:1      | Reached skill level 3 in Axes
   286 | D:1      | Reached XP level 2. HP: 26/27 MP: 2/2
  1014 | D:1      | Reached skill level 4 in Axes
  1107 | D:2      | Reached XP level 3. HP: 22/33 MP: 3/3
  1283 | D:2      | Found a faded altar of an unknown god.
  1444 | D:2      | Learned a level 1 spell: Magic Dart
  1745 | D:2      | Found Jupuatyax's Book Boutique.
  1761 | D:2      | Reached XP level 4. HP: 38/41 MP: 4/4
  2087 | D:3      | Reached skill level 5 in Axes
  2097 | D:3      | Succumbed to an orc wizard's poison

Illustrated notes

Levels and vault maps discovered:
D:1:      psy_arrival_heroes, layout_loops_ring
D:2:      layout_loops_ring, ebering_ecumenical_altar_sacrificial, serial_shops,
          shop, chequers_serial_rivers_marsh
D:3:      layout_basic, serial_shops, nicolae_shop_competitors_out_of_business,
          uniq_robin, uniq_terence

Skill      XL: |  1  2  3  4 |
---------------+-------------+-----
Axes           | 3 4 5 |  5.0
Fighting       | 4 |  4.4
Armour         | |  3.2
Shields        | |  3.2

Action                   |  1- 3 |  4- 6 || total
-------------------------+-------+-------++-------
Melee: War axe           |    91 |    19 ||   110
  Use: Scroll            |     2 |     3 ||     5
Armor: Scale mail        |    53 |     9 ||    62
Dodge: Dodged            |    24 |     3 ||    27
Block: Kite shield       |    44 |     7 ||    51

Table legend: (Time is in decaauts)
 A = Elapsed time spent in this place.
 B = Non-inter-level travel time spent in this place.
 C = Inter-level travel time spent in this place.
 D = Time resting spent in this place.
 E = Time spent auto-exploring this place.
 F = Levels seen in this place.
 G = Mean time per level.
                   A        B        C        D        E       F      G
               +--------+--------+--------+--------+--------+-----+--------+
         Total |   2159 |   2091 |     68 |    237 |   1569 |   3 |  719.7 |
       Dungeon |   2159 |   2091 |     68 |    237 |   1569 |   3 |  719.7 |
               +--------+--------+--------+--------+--------+-----+--------+

Top non-repeatable levels by time:
     D:1: 1130 daAuts
     D:2: 959 daAuts
     D:3: 69 daAuts
